 Seeded DCSS version 0.30-a0-1053-gbd8d5ba0ad (webtiles) character file.

Game seed: 11885000497323088215 (custom seed)

17271 Pimp the Severer (level 12, -3/111 HPs)
             Began as a Hill Orc Fighter on Apr 11, 2023.
             Was an Elder of Vehumet.
             Slain by Rupert
             ... wielding a +7 great sword of holy wrath
              (22 damage)
             ... on level 12 of the Dungeon.
             The game lasted 00:26:46 (9888 turns).

Pimp the Severer (Hill Orc Fighter)                 Turns: 9888, Time: 00:26:47

Health: -3/111     AC: 14    Str: 22    XL:     12   Next: 46%
Magic:  19/19      EV: 10    Int: 13    God:    Vehumet [****..]
Gold:   398        SH:  7    Dex: 18    Spells: 11/11 levels left

rFire   + . .      SeeInvis .    r - +8 war axe of Haqos {heavy, Fragile rC+ Int+3}
rCold   + + .      Faith    .    c - +0 buckler
rNeg    . . .      Spirit   .    M - +1 acid dragon scales
rPois   .          Reflect  .    (no helmet)
rElec   .          Rampage  .    k - scarf {rC+ rF+}
rCorr   +                        o - +2 pair of gloves
Will    .....                    S - +0 pair of boots
Stlth   ++                       t - amulet of regeneration
HPRegen 1.18/turn                h - +6 ring of dexterity
MPRegen 0.16/turn                g - ring of magical power

@: mighty, invisible
A: thin skeletal structure 1, low MP 1, screaming 1
a: Renounce Religion


You were on level 12 of the Dungeon.
You worshipped Vehumet.
Vehumet was greatly pleased with you.
You visited 2 branches of the dungeon, and saw 13 of its levels.
You also visited: Ossuary.

You collected 768 gold pieces.
You spent 370 gold pieces at shops.

Inventory:

Hand Weapons
 a - a +0 war axe of freezing
 r - the +8 war axe of Haqos (weapon) {heavy, Fragile rC+ Int+3}
   (You found it on level 3 of the Dungeon)

   Int:       It affects your intelligence (+3).
   rC:        It protects you from cold.
   Fragile:   It will be destroyed if unequipped.
 v - the +5 hammer "Lucaon" {flame, rF+}
   (You found it on level 3 of the Dungeon)

   rF:        It protects you from fire.
 x - the +0 hand axe of Overwhelming Force {freeze, Will+}
   (You bought it in a shop on level 4 of the Dungeon)

   Will:      It increases your willpower.
 K - a +5 war axe of freezing
Missiles
 B - a throwing net (quivered)
Armour
 b - a +0 scale mail
 c - a +0 buckler (worn)
 k - a scarf of resistance (worn)
 n - a +0 chain mail
 o - a +2 pair of gloves (worn)
 w - a +2 cloak
 A - +0 swamp dragon scales
 C - the +5 ring mail of Fafang {-Tele rPois rN+++ Dex-4}
   (You found it on level 7 of the Dungeon)

   Dex:       It affects your dexterity (-4).
   rPois:     It protects you from poison.
   rN:        It renders you almost immune to negative energy.
   -Tele:     It prevents most forms of teleportation.
 H - +0 steam dragon scales
 M - +1 acid dragon scales (worn)
 S - a +0 pair of boots (worn)
Jewellery
 g - a ring of magical power (right hand)
 h - a +6 ring of dexterity (left hand)
 t - an amulet of regeneration (around neck)
 y - an amulet of faith
 E - a ring of magical power
 J - a ring of willpower
 O - a ring of willpower
Wands
 f - a wand of mindburst (11)
 F - a wand of flame (28)
 L - a wand of roots (4)
 N - a wand of paralysis (8)
Scrolls
 e - 7 scrolls of poison
 i - 3 scrolls of identify
 j - 13 scrolls of teleportation
 m - a scroll of amnesia
 p - a scroll of immolation
 z - 2 scrolls of magic mapping
Potions
 d - a potion of might
 l - 5 potions of attraction
 q - a potion of flight
 s - 2 potions of invisibility
 u - 9 potions of curing
 D - 2 potions of brilliance
 G - a potion of lignification
 Q - a potion of heal wounds
 R - 2 potions of resistance


   Skills:
 + Level 11.6 Fighting
 - Level 16.0 Axes
 + Level 10.7 Armour
 + Level 10.7 Shields


You had 11 spell levels left.
You didn't know any spells.
Your spell library contained the following spells:

 Spells                   Type           Power      Damage    Failure   Level
 Arcjolt                  Conj/Air       0%         1d10      95%         5
 Hailstorm                Conj/Ice       0%         3d3       32%         3
 Inner Flame              Hex/Fire       0%         N/A       32%         3
 Apportation              Tloc           0%         N/A       41%         1
 Ensorcelled Hibernation  Hex/Ice        0%         N/A       56%         2
 Passwall                 Tmut/Erth      0%         N/A       56%         2
 Call Canine Familiar     Summ           0%         N/A       80%         3
 Portal Projectile        Hex/Tloc       0%         N/A       80%         3
 Swiftness                Air            0%         N/A       80%         3
 Tukima's Dance           Hex            0%         N/A       80%         3
 Irradiate                Conj/Tmut      0%         3d11      95%         5
 Ice Form                 Ice/Tmut       0%         N/A       99%         4
 Leda's Liquefaction      Hex/Erth       0%         N/A       99%         4
 Alistair's Intoxication  Tmut/Pois      0%         N/A       100%        5
 Blade Hands              Tmut           0%         N/A       100%        5
 Simulacrum               Ice/Necr       0%         N/A       100%        6
 Dragon Form              Tmut           0%         N/A       100%        7
 Discord                  Hex            0%         N/A       100%        8
 Chain Lightning          Conj/Air       0%         N/A       100%        9


Dungeon Overview and Level Annotations

Branches:
Dungeon (12/15)            Temple (1/1) D:5            Lair (0/5) D:9
    Orc (0/2) D:9         Ossuary (visited)

Altars:
Ashenzari
Cheibriados
Dithmenos
Elyvilon
Fedhas
Gozag
Hepliaklqana
Kikubaaqudgha
Makhleb
Nemelex Xobeh
Okawaru
Qazlal
Ru
Sif Muna
Trog
Uskayaw
Vehumet
Wu Jian
Xom
Yredelemnul
Zin
The Shining One
Beogh

Shops:
D:1 (   D:3 (   D:4 (   D:7 =   D:11 !

Annotations:
D:8 2 transporters
D:12 Rupert
Temple 2 transporters


Innate Abilities, Weirdness & Mutations

You have a somewhat thin skeletal structure. (Dex +2, Stealth+)
Your magical capacity is low. (-10% MP)
You occasionally shout uncontrollably at your foes.


Message History

Found a leather armour.
You see here a +0 leather armour.
An acid dragon comes into view.
Things that are here:
9 gold pieces; a staff of cold The helpless acid dragon fails to defend itself.
You slice the acid dragon!!
The acid dragon is severely wounded.
The acid dragon spits acid at you. The splash of acid hits you! You resist.
The acid corrodes you!
You hear a shout!
You slash the acid dragon!
You kill the acid dragon!
Vehumet accepts your kill.
Rupert the Wild comes into view.
He is wielding a +7 great sword of holy wrath.
Rupert roars wildly at you.
You suddenly lose the ability to move!
You are no longer corroded.
You can move again.
You fade into invisibility!
Rupert barely misses you.
You feel very mighty all of a sudden.
Rupert hits you with a +7 great sword of holy wrath!!
You catch the helpless Rupert completely off-guard!
You carve Rupert like a ham!!!
Rupert is moderately wounded.
Rupert roars madly and goes into a rage!
Rupert goes berserk!
You slice Rupert!!
Rupert is heavily wounded.
Rupert hits you with a +7 great sword of holy wrath!
You slash Rupert!
Rupert is heavily wounded.
Rupert hits you with a +7 great sword of holy wrath!!!
You slash Rupert!
Rupert is severely wounded.
Rupert hits you with a +7 great sword of holy wrath!!
* * * LOW HITPOINT WARNING * * *
Rupert hits you with a +7 great sword of holy wrath!!
You die...

##.######.# #.#
##.## #.# #.#
... .. #.# #.#
#.# #.# #.# #.#
#.# #.# #.# #.#
#.# #.# #..
#.#### #.# ##.
#....# #.# #.
####.# ###@# #.
#.# #.@.# #.
#[# #.### #.
#.# #.# ###.
#.# #.# #...
#.# ##.## #.##
#.#####$..###.
#.#
#.............#
#.#
#######...#####
#.#


You could see Rupert (berserk, unable to see you).

Vanquished Creatures
  Nessos (D:12)
  Josephine (D:11)
  5 two-headed ogres
  Sonja (D:10)
  2 ugly things (D:11)
  Maggie (D:8)
  2 unseen horrors
  A kobold demonologist (D:12)
  A komodo dragon (D:11)
  6 trolls
  A hornet (D:6)
  Prince Ribbit (D:6)
  6 wraiths (D:11)
  2 shadows
  8 yaks
  2 vampire mosquitoes (D:12)
  2 steam dragons (D:7)
  2 acid dragons
  2 water moccasins (D:8)
  An ice beast (D:8)
  5 sky beasts (D:7)
  3 black bears
  2 ogres
  3 wolves (D:9)
  A centaur (D:8)
  A phantom (D:5)
  9 kobold brigands
  3 gnoll sergeants
  4 scorpions
  3 bullfrogs
  8 wights
  4 water moccasin zombies (Ossuary)
  14 killer bees
  A howler monkey (D:5)
  An electric eel (D:9)
  2 gnoll boudas
  10 hounds
  3 jellies (D:6)
  Crazy Yiuf (D:3)
  4 orc priests
  Jessica (D:3)
  4 iguanas
  3 sleepcaps
  Natasha (twice) (D:4)
  2 orc wizards
  2 mummies (Ossuary)
  17 gnolls
  7 adders
  3 shadow imps
  2 ufetubi
  8 adder zombies (Ossuary)
  3 dart slugs
  15 orcs
  A bat skeleton (D:2)
  5 endoplasms
  4 giant cockroaches
  11 goblins
  12 hobgoblins
  11 jackals
  4 quokkas
  7 ball pythons
  2 ball python zombies (D:2)
  9 bats
  A frilled lizard (D:3)
  2 giant cockroach zombies (D:2)
  3 gnoll zombies (Ossuary)
  3 hobgoblin zombies (Ossuary)
  31 kobolds
  7 kobold zombies (Ossuary)
  6 orc zombies (Ossuary)
  A quokka skeleton (D:2)
  A quokka zombie (D:2)
  9 rats
329 creatures vanquished.

Vanquished Creatures (others)
  A shadow (D:7)
  A plant (D:3)
  2 withered plants (D:2)
4 creatures vanquished.

Grand Total: 333 creatures vanquished

Notes
Turn   | Place    | Note
-------+----------+-------------------------------------------
     0 | D:1      | Pimp the Hill Orc Fighter began the quest for the Orb.
     0 | D:1      | Reached XP level 1. HP: 19/19 MP: 1/1
    13 | D:1      | Found Iczawoibb's Antique Weapon Shoppe.
   186 | D:1      | Reached skill level 3 in Axes
   186 | D:1      | Reached XP level 2. HP: 27/27 MP: 2/2
   755 | D:2      | Reached XP level 3. HP: 33/33 MP: 3/3
  1093 | D:2      | Found a shimmering altar of Xom.
  1160 | D:2      | Reached skill level 4 in Axes
  1334 | D:2      | Reached XP level 4. HP: 40/40 MP: 4/4
  1453 | D:3      | Found a runed translucent door.
  1454 | D:3      | Noticed Crazy Yiuf
  1798 | D:3      | Noticed Jessica
  1811 | D:3      | Killed Jessica
  1850 | D:3      | Identified the +8 war axe of Haqos {heavy, Fragile rC+
                  | Int+3}
  1878 | D:3      | Reached XP level 5. HP: 47/47 MP: 5/5
  1894 | D:3      | Found Ziyl's Weapon Emporium.
  2264 | D:3      | Killed Crazy Yiuf
  2268 | D:3      | Identified the +5 hammer "Lucaon" {flame, rF+}
  2431 | D:4      | Noticed Natasha
  2435 | D:4      | Killed Natasha
  2436 | D:4      | Reached skill level 5 in Axes
  2491 | D:4      | Reached XP level 6. HP: 54/55 MP: 6/6
  2520 | D:4      | Found Qeotokiu's Antique Weapon Emporium.
  2530 | D:4      | Bought a glimmering hand axe for 240 gold pieces
  2530 | D:4      | Identified the +0 hand axe of Overwhelming Force {freeze,
                  | Will+} (You bought it in a shop on level 4 of the Dungeon)
  2637 | D:4      | Reached skill level 5 in Fighting
  2818 | D:4      | Reached skill level 6 in Axes
  2829 | D:4      | Found a hazy altar of Hepliaklqana.
  3052 | D:4      | Noticed Natasha
  3053 | D:4      | Reached XP level 7. HP: 29/61 MP: 7/7
  3057 | D:4      | Killed Natasha
  3314 | D:5      | Entered Level 5 of the Dungeon
  3508 | D:5      | Found a staircase to the Ecumenical Temple.
  3515 | D:5      | Reached skill level 7 in Axes
  3515 | D:5      | Reached skill level 5 in Armour
  3515 | D:5      | Reached skill level 5 in Shields
  3536 | Temple   | Entered the Ecumenical Temple
  3536 | Temple   | Found a transporter.
  3536 | Temple   | Found a transporter.
  3538 | Temple   | Found a transporter.
  3538 | Temple   | Found a transporter.
  3561 | Temple   | Became a worshipper of Vehumet
  4141 | D:5      | Reached XP level 8. HP: 70/70 MP: 8/8
  4272 | D:5      | Reached skill level 8 in Axes
  4715 | D:6      | Reached skill level 9 in Axes
  4794 | D:6      | Noticed Prince Ribbit
  4801 | D:6      | Found a sand-covered staircase.
  4804 | D:6      | Killed Prince Ribbit
  4810 | Ossuary  | Entered an ossuary
  4816 | Ossuary  | Reached * piety under Vehumet
  4816 | Ossuary  | Offered knowledge of Magic Dart by Vehumet.
  4827 | Ossuary  | Reached XP level 9. HP: 79/79 MP: 9/9
  4903 | Ossuary  | Reached skill level 10 in Axes
  4903 | Ossuary  | Reached ** piety under Vehumet
  4918 | Ossuary  | Offered knowledge of Momentum Strike by Vehumet.
  5297 | D:6      | Noticed a hornet
  5302 | D:6      | Killed a hornet
  5494 | D:7      | Found Jaeholl's Jewellery Shoppe.
  5737 | D:7      | Reached skill level 11 in Axes
  5745 | D:7      | Found an ornate altar of the Wu Jian Council.
  5745 | D:7      | Found an iron altar of Okawaru.
  5939 | D:7      | Identified the +5 ring mail of Fafang {-Tele rPois rN+++
                  | Dex-4}
  6005 | D:7      | Noticed a two-headed ogre
  6053 | D:7      | Killed a two-headed ogre
  6054 | D:7      | Reached skill level 12 in Axes
  6054 | D:7      | Reached XP level 10. HP: 20/90 MP: 10/10
  6168 | D:7      | Killed an unseen horror
  6177 | D:7      | Gained mutation: You have a somewhat thin skeletal
                  | structure. (Dex +2, Stealth+) [potion of mutation]
  6177 | D:7      | Gained mutation: You are dopey. (Int -2) [potion of
                  | mutation]
  6177 | D:7      | Gained mutation: You are agile. (Dex +4, Str/Int -1)
                  | [potion of mutation]
  6178 | D:7      | Lost mutation: You are agile. (Dex +4, Str/Int -1) [potion
                  | of mutation]
  6178 | D:7      | Lost mutation: You are dopey. (Int -2) [potion of mutation]
  6178 | D:7      | Gained mutation: Armour fits poorly on your strangely
                  | shaped body. [potion of mutation]
  6178 | D:7      | Gained mutation: You occasionally lose the ability to drink
                  | potions when taking damage. [potion of mutation]
  6178 | D:7      | Gained mutation: You are robust. (+10% HP) [potion of
                  | mutation]
  6501 | D:8      | Found a transporter.
  6523 | D:8      | Found a transporter.
  6576 | D:8      | Noticed Maggie
  6583 | D:8      | Killed Maggie
  6584 | D:8      | Reached skill level 13 in Axes
  6724 | D:8      | Offered knowledge of Static Discharge by Vehumet.
  6822 | D:8      | Noticed a two-headed ogre
  6828 | D:8      | Killed a two-headed ogre
  6905 | D:9      | Found a staircase to the Orcish Mines.
  7060 | D:9      | Reached XP level 11. HP: 90/106 MP: 11/11
  7127 | D:9      | Reached *** piety under Vehumet
  7191 | D:9      | Found a staircase to the Lair.
  7279 | D:9      | Reached skill level 14 in Axes
  7482 | D:9      | Identified the +1 spear "Kule" {elec, rF+}
  7488 | D:9      | Got Qubraweo's Reference Book on Execration and the Shot
  7582 | D:10     | Entered Level 10 of the Dungeon
  7600 | D:10     | Offered knowledge of Iskenderun's Mystic Blast by Vehumet.
  7796 | D:10     | Reached skill level 10 in Fighting
  7967 | D:10     | Noticed Sonja
  7984 | D:10     | Killed Sonja
  8445 | D:11     | Noticed a two-headed ogre
  8448 | D:11     | Reached **** piety under Vehumet
  8534 | D:10     | Killed a two-headed ogre
  8568 | D:11     | Offered knowledge of Arcjolt by Vehumet.
  8585 | D:11     | Reached skill level 15 in Axes
  8843 | D:11     | Found Hicoz's Distillery.
  8851 | D:11     | Bought a potion of heal wounds for 50 gold pieces
  8851 | D:11     | Bought a potion of mutation for 80 gold pieces
  8851 | D:11     | Lost mutation: Armour fits poorly on your strangely shaped
                  | body. [potion of mutation]
  8851 | D:11     | Lost mutation: You are robust. (+10% HP) [potion of
                  | mutation]
  8851 | D:11     | Lost mutation: You occasionally lose the ability to drink
                  | potions when taking damage. [potion of mutation]
  8851 | D:11     | Gained mutation: Your magical capacity is low. (-10% MP)
                  | [potion of mutation]
  8851 | D:11     | Gained mutation: You occasionally shout uncontrollably at
                  | your foes. [potion of mutation]
  8894 | D:11     | Noticed a red ugly thing
  8899 | D:11     | Killed a red ugly thing
  8902 | D:11     | Noticed a red ugly thing
  8907 | D:11     | Killed a red ugly thing
  9038 | D:11     | Noticed Josephine
  9050 | D:11     | Killed Josephine
  9051 | D:11     | Reached skill level 10 in Armour
  9051 | D:11     | Reached XP level 12. HP: 46/108 MP: 10/10
  9052 | D:11     | Reached skill level 10 in Shields
  9252 | D:11     | Reached skill level 16 in Axes
  9283 | D:11     | Found a roughly hewn altar of Beogh.
  9319 | D:12     | Noticed Nessos
  9592 | D:12     | Killed Nessos
  9639 | D:12     | Noticed a two-headed ogre
  9646 | D:12     | Killed a two-headed ogre
  9661 | D:12     | Noticed a two-headed ogre
  9669 | D:12     | Killed a two-headed ogre
  9872 | D:12     | Noticed Rupert
  9878 | D:12     | Paralysed by Rupert for 4 turns
  9888 | D:12     | Slain by Rupert

Illustrated notes

Levels and vault maps discovered:
D:1:      minmay_arrival_doors, layout_basic, serial_shops, shop_statue,
          serial_bayou_pond_d, corexii_item_surrounded_by_moat
D:2:      layout_loops_ring, serial_undead, serial_undead_a, serial_undead_f,
          serial_undead_a, serial_undead_a, basic_altar
D:3:      corexii_shack_village, layout_basic, serial_shops,
          nicolae_shop_bloodbath_and_beyond, dk_vineyard_2, dk_noncrumbling_4,
          patterned_corridor, uniq_crazy_yiuf_cottage, uniq_jessica
D:4:      minmay_octagon_keep, layout_loops_ring, marbit_many_paths,
          serial_shops, shop, uniq_natasha
D:5:      nicolae_cairo_tiling_large, layout_loops_corners,
          minmay_temple_entry_stoned_glass
D:6:      layout_loops_corners, enter_ossuary_1, minivault_27,
          minmay_diced_spiral, uniq_prince_ribbit1
D:7:      minmay_chambers_of_sevens, layout_cave_pools,
          gammafunk_temple_overflow_wave, serial_shops, shop
D:8:      gammafunk_steamed_eel, layout_rooms, chequers_serial_rivers_small_3,
          uniq_maggie
D:9:      layout_roguey, erik_lair_island, corexii_checkpoint_a,
          hangedman_abyss_or_decor_stagger
D:10:     layout_loops_cross, uniq_sonja
D:11:     layout_loops_ring, serial_shops, shop, david_defended_altar_orc,
          uniq_josephine
D:12:     layout_loops_ring, serial_shops, shop, uniq_rupert, uniq_nessos
Temple:   hellmonk_temple_divided_pantheon

Skill      XL: |  1  2  3  4  5  6  7  8  9 10 11 12 |
---------------+-------------------------------------+-----
Axes           | 3 4 5 6 7 9 12 13 15 16 | 16.0
Fighting       | 4 5 7 8 9 10 11 | 11.6
Armour         | 4 5 6 7 8 10 | 10.7
Shields        | 4 5 6 7 8 9 10 | 10.7

Action                     |  1- 3 |  4- 6 |  7- 9 | 10-12 || total
---------------------------+-------+-------+-------+-------++-------
  Melee: War axe           |   147 |   126 |   181 |   324 ||   778
    Use: Scroll            |       |       |    12 |    10 ||    22
         Potion            |       |       |     5 |    10 ||    15
   Stab: Sleeping          |       |       |       |     2 ||     2
         Invisible         |       |       |       |     1 ||     1
 Armour: Scale mail        |   103 |     4 |       |       ||   107
         Chain mail        |       |   104 |   160 |   198 ||   462
         Acid dragon scale |       |       |       |    12 ||    12
  Dodge: Dodged            |    73 |    62 |   106 |   143 ||   384
  Block: Buckler           |    46 |    40 |    66 |   131 ||   283

Table legend: (Time is in decaauts)
 A = Elapsed time spent in this place.
 B = Non-inter-level travel time spent in this place.
 C = Inter-level travel time spent in this place.
 D = Time resting spent in this place.
 E = Time spent auto-exploring this place.
 F = Levels seen in this place.
 G = Mean time per level.
                   A        B        C        D        E       F      G
               +--------+--------+--------+--------+--------+-----+--------+
         Total |  10239 |   9815 |    424 |    758 |   6577 |  14 |  731.4 |
       Dungeon |  10027 |   9614 |    413 |    758 |   6510 |  12 |  835.6 |
        Temple |     41 |     30 |     11 |      0 |      0 |   1 |   41.0 |
       Ossuary |    170 |    170 |      0 |      0 |     67 |   1 |  170.0 |
               +--------+--------+--------+--------+--------+-----+--------+

Top non-repeatable levels by time:
     D:5: 1212 daAuts
    D:11: 1058 daAuts
     D:3: 1044 daAuts
    D:10: 1000 daAuts
     D:4: 943 daAuts
     D:7: 844 daAuts
     D:6: 833 daAuts
     D:2: 779 daAuts
     D:9: 717 daAuts
     D:1: 698 daAuts
     D:8: 575 daAuts
    D:12: 319 daAuts
 Ossuary: 170 daAuts
  Temple: 41 daAuts
